 Dungeon Crawl Stone Soup version 0.22-a0-379-ga9d99d6 (webtiles) character file.

304 iamserjio the Magician (level 6, -4/28 HPs)
             Began as a Spriggan Earth Elementalist on Apr 28, 2018.
             Slain by an orc
             ... wielding a +0 flail
              (11 damage)
             ... on level 3 of the Dungeon.
             The game lasted 00:12:06 (4594 turns).

iamserjio the Magician (SpEE)                       Turns: 4594, Time: 00:12:07

Health: -4/28      AC:  2    Str:  4    XL:     6   Next: 15%
Magic:  8/14       EV: 18    Int: 18    God:
Gold:   128        SH:  0    Dex: 17    Spells: 11/15 levels left

rFire    . . .     SeeInvis +   h - -1 short sword (curse)
rCold    . . .     Gourm    .   (shield restricted)
rNeg     . . .     Faith    .   c - +0 robe
rPois    .         Spirit   .   (helmet restricted)
rElec    .         Reflect  .   (no cloak)
rCorr    .         Harm     .   (gloves unavailable)
MR       +....                  (boots unavailable)
Stlth    ++........             (no amulet)
HPRegen  0.09/turn              (no ring)
MPRegen  0.14/turn              (no ring)

@: very quick
A: very small, unfitting armour, see invisible, herbivore, speed 3, slow
metabolism 2
a: no special abilities


You were on level 3 of the Dungeon.
You were not hungry.

You visited 1 branch of the dungeon, and saw 3 of its levels.

You collected 128 gold pieces.

Inventory:

Hand Weapons
 e - a +1 dagger
 h - a cursed -1 short sword (weapon)
 n - a cursed -2 short sword
 s - a +0 rapier
Missiles
 b - 75 stones (quivered)
Armour
 c - a +0 robe (worn)
Jewellery
 o - an uncursed amulet of the acrobat {unknown}
 t - an uncursed ring of poison resistance {unknown}
Scrolls
 a - 2 scrolls of enchant weapon
 f - 3 scrolls of magic mapping
 j - 2 scrolls of blinking
 l - a scroll of fog
 p - a scroll of fear {unknown}
 q - a scroll of amnesia {unknown}
 u - a scroll of remove curse {unknown}
 w - a scroll of identify
 y - a scroll of teleportation {unknown}
Potions
 g - a potion of degeneration {unknown}
 i - a potion of flight
 k - a potion of might {unknown}
 m - a potion of berserk rage {unknown}
 r - a potion of lignification {unknown}
 v - a potion of mutation {unknown}
 x - 2 potions of curing
Comestibles
 d - 9 rations


   Skills:
 - Level 3.0 Dodging
 - Level 3.0 Stealth
 + Level 5.3 Spellcasting
   Level 1.3 Transmutations
 * Level 5.2 Earth Magic


You had 11 spell levels left.
You knew the following spells:

 Your Spells              Type           Power        Failure   Level  Hunger
a - Sandblast             Erth           ###...       1%          1    None
b - Stone Arrow           Conj/Erth      ##....       13%         3    ##.....


Dungeon Overview and Level Annotations

Branches:
Dungeon (3/15)

Altars:
Okawaru
Qazlal
Zin


Innate Abilities, Weirdness & Mutations

You are very small and have problems with some larger weapons.
You are too small for most types of armour.
You have supernaturally acute eyesight. (SInv)
You are a herbivore.
You cover ground extremely quickly.
You need to consume almost no food.


Message History

The orc is almost dead.
The orc completely misses you.
You hit the orc.
You kill the orc!
You hit the orc.
You kill the orc!
You completely miss the orc. The orc misses you.
You barely miss the orc. The orc misses you.
Your magical contamination has completely faded away.
You hit the orc.
The orc is moderately wounded.
The orc barely misses you.
The orc priest calls down the wrath of Beogh upon you.
Beogh smites you!
Ouch! That really hurt!
* * * LOW HITPOINT WARNING * * *
You hit the orc.
The orc is almost dead.
The orc hits you with a flail!
You die...

#######.# ##..###.##
#.......#.##.........
#.......#............
#.......#.###..###.##
#.......#.###........
#######.#............
#.#.###..##..##
#.########.#.# ##.##..#
.......@oo...# #.##..#
#.########..<####.##..##
#....oo.o....##....)....
....).o...o......).....#
#.########...####.##..##
##...####.......
#..............#
##...##.#.####.#
.########...#..........


You could see an orc priest and an orc.

Vanquished Creatures
  2 orc priests (D:3)
  2 orc wizards (D:3)
  Robin (D:3)
  6 gnolls (D:3)
  3 adders
  An ooze (D:2)
  An adder zombie (D:3)
  A worm (D:3)
  A dart slug (D:2)
  6 orcs (D:3)
  A ball python (D:1)
  5 bats
  6 giant cockroaches
  14 goblins
  7 hobgoblins
  3 jackals (D:2)
  5 kobolds
  5 frilled lizards
  10 rats
80 creatures vanquished.

Notes
Turn   | Place    | Note
-------+----------+-------------------------------------------
     0 | D:1      | iamserjio the Spriggan Earth Elementalist began the quest for the Orb.
     0 | D:1      | Reached XP level 1. HP: 9/9 MP: 5/5
   339 | D:1      | Reached XP level 2. HP: 13/13 MP: 7/7
  1561 | D:2      | Reached XP level 3. HP: 13/16 MP: 6/9
  1569 | D:2      | Found a glowing silver altar of Zin.
  1736 | D:2      | Noticed an earth elemental
  1738 | D:2      | Found a stormy altar of Qazlal.
  1739 | D:2      | Noticed a water elemental
  1739 | D:2      | Noticed a fire elemental
  1739 | D:2      | Noticed an air elemental
  2823 | D:3      | Learned a level 3 spell: Stone Arrow
  2840 | D:3      | Reached XP level 4. HP: 4/21 MP: 3/11
  3220 | D:3      | Noticed Robin
  3269 | D:3      | Killed Robin
  3623 | D:3      | Reached XP level 5. HP: 24/24 MP: 6/12
  3835 | D:3      | Reached skill level 5 in Spellcasting
  3853 | D:3      | Reached skill level 5 in Earth Magic
  4271 | D:3      | Reached XP level 6. HP: 28/28 MP: 7/14
  4445 | D:3      | Found an iron altar of Okawaru.
  4594 | D:3      | Slain by an orc

Vault maps used:
D:1:      dpeg_arrival_chambers_temple_mockup
D:2:      nicolae_qazlal_style_of_elements, lemuel_crystal_altar, first_ration,
          kennysheep_boxes
D:3:      lemuel_doored_altar, uniq_robin

Skill      XL: |  1  2  3  4  5 |
---------------+----------------+-----
Spellcasting   | 3 4 5 |  5.3
Earth Magic    | 3 4 5 |  5.2
Dodging        | |  3.0
Stealth        | |  3.0
Transmutations | |  1.3

Action                   |  1- 3 |  4- 6 || total
-------------------------+-------+-------++-------
Melee: Dagger            |    89 |       ||    89
       Short sword       |    20 |    43 ||    63
 Cast: Sandblast         |    42 |    55 ||    97
       Stone Arrow       |       |    10 ||    10
  Use: Scroll            |     7 |       ||     7
 Stab: Sleeping          |     6 |       ||     6
  Eat: Ration            |       |     1 ||     1
Armor: Robe              |    18 |     5 ||    23
Dodge: Dodged            |    90 |    46 ||   136

Table legend:
 A = Spawn XP
 B = Non-spawn XP
 C = Spawn XP percentage of total XP
 D = Spawn monster count
 E = Non-spawn monster count
 F = Spawn count percentage of total count
 G = Total turns spent on level
                    A         B        C        D         E        F      G
               +---------+---------+-------+---------+---------+-------+---------
         Total |       0 |     435 |   0.0 |       0 |      80 |   0.0 |  4594
               +---------+---------+-------+---------+---------+-------+---------
           D:1 |       0 |      35 |   0.0 |       0 |      23 |   0.0 |  1556
           D:2 |       0 |      46 |   0.0 |       0 |      16 |   0.0 |  1916
           D:3 |       0 |     354 |   0.0 |       0 |      41 |   0.0 |  1122
               +---------+---------+-------+---------+---------+-------+---------
